 Dungeon Crawl Stone Soup version 0.29.1-2-gbd0b4ee654 (webtiles) character file.

Game seed: 4859713813686070842

264 fleeber the Conjurer (level 5, -6/28 HPs)
             Began as a Deep Elf Conjurer on Nov 6, 2022.
             Mangled by Pikel
             ... wielding a +2 whip of electrocution
              (20 damage)
             ... on level 4 of the Dungeon.
             The game lasted 00:18:05 (4446 turns).

fleeber the Conjurer (Deep Elf Conjurer)            Turns: 4446, Time: 00:18:06

Health: -6/28      AC:  3    Str:  4    XL:     5   Next: 98%
Magic:  15/24      EV: 12    Int: 25    God:
Gold:   154        SH:  0    Dex: 13    Spells: 9/16 levels left

rFire   + . .      SeeInvis .   c - staff of fire
rCold   . . .      Faith    .   (no shield)
rNeg    . . .      Spirit   .   a - +0 robe
rPois   .          Reflect  .   r - +0 helmet
rElec   .          Harm     .   (no cloak)
rCorr   .          Rampage  .   (no gloves)
Will    .....                   (no boots)
Stlth   ++........              (no amulet)
HPRegen 0.09/turn               q - ring of magical power
MPRegen 0.19/turn               (no ring)

@: no status effects
A: no striking features
a: no special abilities


You were on level 4 of the Dungeon.
You visited 1 branch of the dungeon, and saw 4 of its levels.

You collected 154 gold pieces.

Inventory:

Armour
 a - a +0 robe (worn)
 f - a +2 leather armour of cold resistance
 r - a +0 helmet (worn)
Magical Staves
 c - a staff of fire (weapon)
 d - a staff of cold
Jewellery
 o - an amulet of guardian spirit
 q - a ring of magical power (left hand)
Wands
 w - a wand of mindburst (15)
Scrolls
 k - 2 scrolls of blinking
 l - a scroll of teleportation
 p - a scroll of enchant armour {unknown}
 s - 2 scrolls of enchant weapon {unknown}
 t - a scroll of butterflies {unknown}
 u - a scroll of vulnerability {unknown}
 v - a scroll of amnesia {unknown}
Potions
 b - a potion of magic
 g - 2 potions of haste {unknown}
 h - a potion of invisibility
 i - 2 potions of flight {unknown}
 j - a potion of curing {unknown}
 m - a potion of might {unknown}
 n - a potion of berserk rage {unknown}


   Skills:
 - Level 2.4 Dodging
 - Level 2.4 Stealth
 + Level 6.3 Spellcasting
 + Level 6.4 Conjurations


You had 9 spell levels left.
You knew the following spells:

 Your Spells              Type           Power      Damage    Failure   Level
a - Magic Dart            Conj           100%       1d8       1%          1
b - Searing Ray           Conj           80%        2d7       1%          2
c - Iskenderun's Mystic   Conj/Tloc      24%        2d7       19%         4

Your spell library contained the following spells:

 Spells                   Type           Power      Damage    Failure   Level
 Dazzling Flash           Conj/Hex       48%        N/A       6%          3
 Necrotise                Necr           28%        1d5       8%          1
 Fulminant Prism          Conj/Hex       12%        3d9       19%         4
 Vampiric Draining        Necr           7%         2d6       22%         3
 Agony                    Necr           7%         N/A       90%         5


Dungeon Overview and Level Annotations

Branches:
Dungeon (4/15)
 Temple: D:4-7

Altars:
Xom

Annotations:
D:3 2 transporters
D:4 Pikel


Message History

You assume a fearsome visage.
Pikel looks frightened!
Casting: Iskenderun's Mystic Blast (extremely dangerous; 19% risk of failure)
Confirm with . or Enter, or press ? or * to list all spells.
Aiming: Magic Dart (safe; 1% risk of failure)
Press: ? - help, Shift-Dir - straight line, f/p - Pikel
Aim: Pikel, wielding a +2 whip of electrocution and wearing a +1 robe of resistance (fleeing, 100% to hit)
The magic dart hits Pikel.
Pikel is lightly wounded.
Your attack snaps Pikel out of his fear.
Casting: Magic Dart (safe; 1% risk of failure)
Confirm with . or Enter, or press ? or * to list all spells.
Aiming: Magic Dart (safe; 1% risk of failure)
Press: ? - help, Shift-Dir - straight line, f/p - Pikel
Aim: Pikel, wielding a +2 whip of electrocution and wearing a +1 robe of resistance (lightly wounded, 100% to hit)
The magic dart hits Pikel.
Pikel is moderately wounded.
Casting: Magic Dart (safe; 1% risk of failure)
Confirm with . or Enter, or press ? or * to list all spells.
Aiming: Searing Ray (safe; 1% risk of failure)
Press: ? - help, Shift-Dir - straight line, f/p - Pikel
Aim: Pikel, wielding a +2 whip of electrocution and wearing a +1 robe of resistance (moderately wounded, 77% to hit)
The searing ray hits Pikel!
Pikel is severely wounded. (Press . to maintain the ray.) Pikel hits you with a +2 whip of electrocution!
The searing ray hits Pikel!
Pikel is almost dead.
Pikel completely misses you.
Casting: Searing Ray (safe; 1% risk of failure)
Confirm with . or Enter, or press ? or * to list all spells.
Restarting spell: Searing Ray (safe; 1% risk of failure)
Press: ? - help, Shift-Dir - straight line, f/p - Pikel
Aim: Pikel, wielding a +2 whip of electrocution and wearing a +1 robe of resistance (almost dead, 77% to hit)
The searing ray hits Pikel.
Pikel is almost dead. (Press . to maintain the ray.) Pikel hits you with a +2 whip of electrocution.
You are electrocuted!!
Ouch! That really hurt!
You die...

#...## #...# #...###
######.....######
#...............# ##
#...............## ...
#............###.#....
##..........##.....#
##...........#.@K...#
##...........#.#.....#
#.....#......#.#.....5#
.....###.....#.#.....##
...### ###..#...#.###.#
..#### ####...##. ..#
.....### ##.#...# . .#
.......###.#.#.#.#.. #
........#..#.#.#.#..


You could see Pikel and a lemure (wandering).

Vanquished Creatures
  2 lemures (D:4)
  A howler monkey (D:4)
  Natasha (twice) (D:4)
  4 gnolls
  5 adders
  2 worms (D:2)
  3 dart slugs
  6 orcs
  3 ball pythons
  10 endoplasms
  3 giant cockroaches
  4 goblins
  10 hobgoblins
  3 quokkas
  4 bats
  2 frilled lizards
  7 kobolds
  7 rats
78 creatures vanquished.

Notes
Turn   | Place    | Note
-------+----------+-------------------------------------------
     0 | D:1      | fleeber the Deep Elf Conjurer began the quest for the Orb.
     0 | D:1      | Reached XP level 1. HP: 10/10 MP: 6/6
   251 | D:1      | Found a faded altar of an unknown god.
   301 | D:1      | Reached XP level 2. HP: 15/15 MP: 1/8
   995 | D:1      | Learned a level 2 spell: Searing Ray
  1091 | D:2      | Reached skill level 5 in Conjurations
  1091 | D:2      | Reached XP level 3. HP: 19/19 MP: 4/10
  1580 | D:2      | Reached XP level 4. HP: 24/24 MP: 9/12
  1629 | D:2      | Learned a level 4 spell: Iskenderun's Mystic Blast
  2228 | D:3      | Reached skill level 5 in Spellcasting
  2701 | D:3      | Found a transporter.
  2780 | D:3      | Found a transporter.
  3144 | D:3      | Reached XP level 5. HP: 21/28 MP: 14/14
  3222 | D:3      | Found a shimmering altar of Xom.
  3490 | D:4      | Noticed Natasha
  3494 | D:4      | Killed Natasha
  3601 | D:4      | Noticed a lemure
  3601 | D:4      | Noticed a lemure
  3620 | D:4      | Killed a lemure
  3994 | D:4      | Noticed a lemure
  4016 | D:4      | Noticed Pikel
  4019 | D:4      | Killed a lemure
  4020 | D:4      | Noticed a lemure
  4207 | D:4      | Noticed Natasha
  4210 | D:4      | Killed Natasha
  4446 | D:4      | Mangled by Pikel

Illustrated notes

Levels and vault maps discovered:
D:1:      amcnicky_arrival_gap_in_the_tavern_cellar, layout_loops_ring,
          nicolae_ecumenical_snake_handling
D:2:      layout_basic
D:3:      gammafunk_steamed_eel, layout_rooms, tgw_xom
D:4:      nicolae_BIG_FREAKIN_CUBE, layout_cave_pods,
          mainiacjoe_overflow_24_doors, minmay_temple_entry_mist, serial_shops,
          nicolae_lakefront_shop, uniq_pikel, uniq_natasha, uniq_blork_the_orc

Skill      XL: |  1  2  3  4  5 |
---------------+----------------+-----
Spellcasting   | 4 5 6 |  6.3
Conjurations   | 5 6 |  6.4
Dodging        | |  2.4
Stealth        | |  2.4

Action                   |  1- 3 |  4- 6 || total
-------------------------+-------+-------++-------
 Cast: Magic Dart        |    77 |   114 ||   191
       Searing Ray       |       |    18 ||    18
  Use: Scroll            |       |     4 ||     4
Armor: Robe              |       |     3 ||     3
Dodge: Dodged            |     3 |    25 ||    28
